 Dungeon Crawl Stone Soup version 0.24-b1-44-g37ad8b309f (webtiles) character file.

Game seed: 2931301361814262291, levelgen mode: deterministic

57 Emblim88 the Skirmisher (level 4, -1/40 HPs)
             Began as a Ghoul Monk on Oct 23, 2019.
             Slain by a gnoll
             ... wielding a +0 club
              (7 damage)
             ... on level 3 of the Dungeon.
             The game lasted 00:02:27 (2040 turns).

Emblim88 the Skirmisher (Ghoul Monk)                Turns: 2040, Time: 00:02:29

Health: -1/40      AC:  3    Str: 15    XL:     4   Next: 0%
Magic:  3/3        EV: 12    Int:  5    God:
Gold:   51         SH:  3    Dex: 11    Spells: 3/3 levels left

rFire    + . .     SeeInvis .     - Unarmed
rCold    . . .     Gourm    .   c - +0 buckler
rNeg     + + +     Faith    .   a - +0 robe
rPois    ∞         Spirit   .   i - +0 helmet
rElec    .         Reflect  .   (no cloak)
rCorr    .         Harm     .   (no gloves)
MR       .....                  (no boots)
Stlth    ++........             (no amulet)
HPRegen  0.00/turn              p - ring of fire
MPRegen  0.08/turn              (no ring)

@: rotting
A: rotting body, claws 1, carnivore, cold resistance 1, negative energy
resistance 3, inhibited regeneration, torment resistance, unbreathing
a: no special abilities


You were on level 3 of the Dungeon.
You were not hungry.

You visited 1 branch of the dungeon, and saw 3 of its levels.

You collected 51 gold pieces.

Inventory:

Hand Weapons
 o - a +2 war axe of flaming
Armour
 a - a +0 robe (worn)
 c - a +0 buckler (worn)
 i - a +0 helmet (worn)
Jewellery
 p - a ring of fire (left claw)
 r - an uncursed ring of protection from fire {unknown}
Scrolls
 d - 3 scrolls of fear {unknown}
 e - 2 scrolls of magic mapping {unknown}
 f - a scroll of blinking {unknown}
 j - a scroll of enchant weapon {unknown}
 l - 2 scrolls of teleportation {unknown}
 m - 3 scrolls of random uselessness {unknown}
 n - 4 scrolls of identify {unknown}
 q - a scroll of remove curse {unknown}
Potions
 g - 3 potions of curing
 h - a potion of magic
Comestibles
 b - 4 rations


   Skills:
 + Level 4.0 Fighting
 + Level 3.2 Dodging
 - Level 2.1 Stealth
 + Level 0.5 Shields
 + Level 3.9 Unarmed Combat


You had 3 spell levels left.
You didn't know any spells.
Your spell library was empty.

Dungeon Overview and Level Annotations

Branches:
Dungeon (3/15)

Altars:
Elyvilon
Uskayaw


Innate Abilities, Weirdness & Mutations

Your body is rotting away.
You thrive on raw meat.
You are immune to poison.
You have sharp fingernails.
You are carnivorous and can eat meat at any time.
Your flesh is cold resistant. (rC+)
You are immune to negative energy. (rN+++)
You do not regenerate when monsters are visible.
You are immune to unholy pain and torment.
You can survive without breathing.


Message History

You are too injured to fight recklessly!
You are too injured to fight recklessly!
You are too injured to fight recklessly!
You are too injured to fight recklessly!
You are too injured to fight recklessly!
You are too injured to fight recklessly!
You are too injured to fight recklessly!
You are too injured to fight recklessly!
You are too injured to fight recklessly!
You are too injured to fight recklessly!
You are too injured to fight recklessly!
You are too injured to fight recklessly!
You are too injured to fight recklessly!
It was a potion of curing.
You feel better.
The gnoll hits you with a cursed -3 whip!
* * * LOW HITPOINT WARNING * * *
The rat closely misses you. The gnoll hits you with a +0 club.
* * * LOW HITPOINT WARNING * * *
The gnoll hits you with a +0 club!
You die...

# .. ### ...
...#
....######...#
.............#
......sgg....#
......g@r....#
.....g..g...#+
............#
...###+######
.. .


You could see 4 gnolls, a giant cockroach, a goblin and a rat.

Vanquished Creatures
  A gnoll (D:1)
  An ooze (D:2)
  A dart slug (D:2)
  A leopard gecko (D:2)
  A giant cockroach (D:1)
  6 goblins
  6 hobgoblins
  2 jackals (D:1)
  6 bats
  3 frilled lizards
  6 kobolds
  3 rats
37 creatures vanquished.

Notes
Turn   | Place    | Note
-------+----------+-------------------------------------------
     0 | D:1      | Emblim88 the Ghoul Monk began the quest for the Orb.
     0 | D:1      | Reached XP level 1. HP: 19/19 MP: 0/0
   238 | D:1      | Reached XP level 2. HP: 26/26 MP: 1/1
   610 | D:1      | Reached XP level 3. HP: 28/32 MP: 2/2
  1411 | D:2      | Found a hide-covered altar of Uskayaw.
  1411 | D:2      | Noticed a +0 dagger
  1411 | D:2      | Noticed a -1 dagger
  1702 | D:2      | Found a white marble altar of Elyvilon.
  1717 | D:2      | Reached skill level 4 in Fighting
  1790 | D:2      | Reached XP level 4. HP: 39/39 MP: 3/3
  2040 | D:3      | Slain by a gnoll

Skill      XL: |  1  2  3 |
---------------+----------+-----
Dodging        | 3 |  3.2
Fighting       | 4 |  4.0
Stealth        | |  2.1
Shields        | |  0.5
Unarmed Combat | |  3.9

Action                   |  1- 3 |  4- 6 || total
-------------------------+-------+-------++-------
Melee: Unarmed           |   127 |     5 ||   132
  Use: Potion            |       |     2 ||     2
 Stab: Sleeping          |     5 |       ||     5
  Eat: Chunk             |     3 |     1 ||     4
Armor: Robe              |    34 |     1 ||    35
Dodge: Dodged            |    78 |    11 ||    89
Block: Buckler           |     7 |     1 ||     8
